 Dungeon Crawl Stone Soup version 0.26.1-11-gd32895ea62 (webtiles) character file.

Game seed: 7355750570987408839

14333 Almogavar the Fighter (level 12, -6/153 HPs)
             Began as a Gnoll Wanderer on Apr 22, 2021.
             Was an Elder of Okawaru.
             Killed from afar by a hell hog (32 damage)
             ... with a fireball
             ... in a volcano on Apr 23, 2021.
             The game lasted 00:53:19 (18439 turns).

Almogavar the Fighter (Gnoll Wanderer)             Turns: 18439, Time: 00:53:20

Health: -6/153     AC: 22    Str: 25    XL:     12   Next: 15%
Magic:  20/22      EV: 18    Int: 17    God:    Okawaru [****..]
Gold:   718        SH: 14    Dex: 13    Spells: 25/25 levels left

rFire    . . .     SeeInvis .   a - +1 falchion (holy)
rCold    . . .     Faith    .   h - +1 kite shield
rNeg     . . .     Spirit   .   v - +0 chain mail
rPois    .         Reflect  .   (no helmet)
rElec    .         Harm     .   x - +0 cloak
rCorr    .         Rampage  .   d - +1 pair of gloves of Disguise {Str+6 Stlth+}
Will     .....                  F - +0 pair of boots
Stlth    ..........             C - amulet of the acrobat
HPRegen  0.35/turn              H - +4 ring of protection
MPRegen  0.18/turn              S - +4 ring of evasion

@: berserking, heroism, very quick
A: distributed training, fangs 1, strong nose
a: Renounce Religion, Heroism


You were in a volcano.
You worshipped Okawaru.
Okawaru was greatly pleased with you.
You visited 3 branches of the dungeon, and saw 13 of its levels.
You also visited: Volcano.

You collected 718 gold pieces.

Inventory:

Hand Weapons
 a - a +1 falchion of holy wrath (weapon)
 i - a +5 dire flail
 t - a +0 shortbow
 w - a +0 hunting sling
Missiles
 o - 60 poisoned darts (quivered)
 p - 149 stones
 q - 12 boomerangs
 r - 71 bolts
 A - 275 arrows
 J - 6 javelins
 O - 19 sling bullets
Armour
 d - the +1 pair of gloves of Disguise (worn) {Str+6 Stlth+}
   (You found it in a volcano)

   It affects your strength (+6).
   It makes you more stealthy.
 g - a +0 plate armour
 h - a +1 kite shield (worn)
 v - a +0 chain mail (worn)
 x - a +0 cloak (worn)
 F - a +0 pair of boots (worn)
 T - +0 steam dragon scales
Jewellery
 e - an uncursed ring of see invisible
 k - an uncursed amulet of magic regeneration
 y - a +4 ring of slaying
 C - an amulet of the acrobat (around neck)
 H - a +4 ring of protection (left hand)
 N - an uncursed ring of flight
 S - a +4 ring of evasion (right hand)
Wands
 b - a wand of flame (12)
 D - a wand of random effects (30)
 Q - a wand of acid (14)
Scrolls
 c - 2 scrolls of enchant weapon
 s - 2 scrolls of teleportation
 u - 2 scrolls of enchant armour
 G - a scroll of amnesia
 L - a scroll of remove curse
 M - a scroll of fear
 U - a scroll of fog
Potions
 f - 2 potions of heal wounds
 l - a potion of cancellation
 m - a potion of curing
 n - 2 potions of invisibility
 z - a potion of berserk rage
 B - 2 potions of might
 P - a potion of magic {unknown}
 R - a potion of haste
Miscellaneous
 I - a lightning rod (4/4)


   Skills:
 + Level 12.2(17.2) Fighting
 + Level 7.0(12.0) Short Blades
 + Level 7.5(12.5) Long Blades
 + Level 7.0(12.0) Axes
 + Level 7.0(12.0) Maces & Flails
 + Level 7.0(12.0) Polearms
 + Level 7.0(12.0) Staves
 + Level 7.0(12.0) Slings
 + Level 7.0(12.0) Bows
 + Level 7.0(12.0) Crossbows
 + Level 7.0(12.0) Throwing
 + Level 8.4(13.4) Armour
 + Level 7.0(12.0) Dodging
 + Level 7.0(12.0) Stealth
 + Level 7.5(12.5) Shields
 + Level 7.0(12.0) Unarmed Combat
 + Level 7.0 Spellcasting
 + Level 5.8 Conjurations
 + Level 5.8 Hexes
 + Level 5.8 Summonings
 + Level 5.8 Necromancy
 + Level 5.8 Translocations
 + Level 5.8 Transmutations
 + Level 5.8 Fire Magic
 + Level 5.8 Ice Magic
 + Level 5.8 Air Magic
 + Level 5.8 Earth Magic
 + Level 5.8 Poison Magic
 + Level 7.7 Invocations
 + Level 7.5 Evocations


You had 25 spell levels left.
You didn't know any spells.
Your spell library contained the following spells:

 Spells                   Type           Power        Failure   Level
 Animate Skeleton         Necr           50%          6%          1
 Apportation              Tloc           50%          6%          1
 Corona                   Hex            27%          6%          1
 Freeze                   Ice            100%         6%          1
 Sandblast                Erth           50%          6%          1
 Summon Small Mammal      Summ           100%         6%          1
 Ensorcelled Hibernation  Hex/Ice        50%          10%         2
 Passwall                 Tmut/Erth      20%          10%         2
 Confusing Touch          Hex            25%          19%         3
 Dazzling Flash           Conj/Hex       50%          19%         3
 Frozen Ramparts          Ice            50%          19%         3
 Ozocubu's Armour         Ice            25%          19%         3
 Stone Arrow              Conj/Erth      50%          19%         3
 Tukima's Dance           Hex            25%          19%         3
 Hailstorm                Conj/Ice       25%          52%         4
 Petrify                  Tmut/Erth      25%          52%         4
 Summon Ice Beast         Ice/Summ       25%          52%         4
 Lee's Rapid Deconstruct  Erth           12%          86%         5


Dungeon Overview and Level Annotations

Branches:
Dungeon (11/15)            Temple (1/1) D:6            Lair (1/6) D:11
Volcano (1/1)
    Orc: D:9-12

Altars:
Ashenzari
Cheibriados
Dithmenos
Elyvilon
Fedhas
Gozag
Hepliaklqana
Kikubaaqudgha
Makhleb
Nemelex Xobeh
Okawaru
Qazlal
Ru
Sif Muna
Trog
Uskayaw
Vehumet
Wu Jian
Xom
Yredelemnul
The Shining One
Jiyva

Annotations:
D:8 4 runed translucent doors
D:10 1 runed translucent door


Innate Abilities, Weirdness & Mutations

Your experience applies equally to all skills.
You have very sharp teeth.
Your uncanny sense of smell can sniff out nearby items.


Message History

The fireball explodes!
The fireball engulfs the salamander.
The salamander completely resists.
The fireball engulfs you!!
* * * LOW HITPOINT WARNING * * *
The fireball engulfs the hell hog.
The hell hog resists.
A red film seems to cover your vision as you go berserk!
You feel yourself moving faster!
You feel mighty! You block the salamander's attack.
You hit the salamander.
The salamander is heavily wounded.
You block the salamander's attack.
You slash the salamander! You bite the salamander!
The salamander is severely wounded.
You slice the salamander!!
You kill the salamander!
Okawaru accepts your kill.
You slash the hell hog!
The hell hog convulses.
The hell hog is heavily wounded.
The hell hog breathes fire at you.
The fireball explodes!
The fireball engulfs you!!
You die...

≈≈≈≈≈≈≈≈≈≈≈≈≈≈≈≈≈≈≈≈≈≈≈≈≈≈≈≈≈≈≈≈≈
≈≈≈≈≈≈≈≈≈≈≈≈≈≈≈≈≈≈≈≈≈≈≈≈≈≈≈≈≈≈≈≈≈
≈≈≈≈≈≈≈≈≈≈≈≈≈≈≈≈≈≈≈≈≈≈≈≈≈≈≈≈≈≈≈≈≈
≈≈≈≈≈≈.≈≈≈.≈≈≈≈≈≈≈≈≈≈≈≈≈≈≈≈≈≈≈≈≈≈
≈≈)...≈≈≈..≈≈≈.≈≈≈≈≈≈≈≈≈..≈≈≈≈≈≈≈
..)...............^^^^....##
..##'##...#####...##+##....##
.##...##.##.).##.##∆∆ ##..#'###
.#.....#.#c....#@# ∆∆∆∆#..#.#∩#
.#.....#.#h..c.#h#∆∆∆∆∆#..#.#∩#
.##...##○##[..##c## ∆ ##..##.##
..#####○○°##'##c..#####.§§####
....§○°○°.°.°......§°°.°..#
.≈.≈≈☼○≈≈.°≈§§≈≈§≈≈.≈.°°≈.§§≈§≈
§≈≈≈§°°○°≈.≈≈≈.≈.≈≈≈≈≈.≈§§≈≈≈≈≈
§§≈≈☼○○°○≈≈≈≈≈≈≈≈§§§≈§§§≈≈≈≈§≈§≈
≈§§≈☼○○○○≈≈≈§≈≈≈≈≈≈≈≈§§§≈§≈§§§≈≈


You could see a hell hog (catching breath) and 2 centaurs.

Vanquished Creatures
  A centaur warrior (D:8)
  3 two-headed ogres
  Pikel (D:4)
  A salamander (Volcano)
  A centaur skeleton (D:10)
  A meliai (D:8)
  A troll (D:10)
  A hornet (D:10)
  A slime creature (D:7)
  Grinder (D:5)
  Prince Ribbit (D:5)
  5 wraiths (D:10)
  14 yaks
  2 vampires (D:11)
  2 wyverns (D:11)
  A shadow (D:10)
  Eustachio (D:5)
  3 fire bats
  2 steam dragons (D:11)
  Duvessa (D:5)
  2 orc warriors
  2 water moccasins
  2 sky beasts
  2 ice beasts
  2 black bears
  2 necrophages
  A phantom (D:11)
  5 centaurs
  5 ogres
  A big kobold (D:11)
  5 bullfrogs
  Dowan (D:5)
  A wyvern skeleton (D:10)
  4 scorpions
  6 wights
  A howler monkey (D:5)
  3 bullfrog zombies
  5 hounds
  2 centaur zombies
  2 bullfrog skeletons
  A gnoll shaman (D:6)
  7 orc priests
  11 orc wizards
  Crazy Yiuf (D:3)
  5 iguanas
  Natasha (thrice) (D:2)
  4 worker ants
  A killer bee zombie (D:8)
  2 hound skeletons
  A worker ant zombie (D:11)
  A howler monkey zombie (D:9)
  23 adders
  17 gnolls
  A shadow imp (D:6)
  5 white imps
  An adder zombie (D:9)
  3 oozes
  An adder skeleton (D:4)
  2 worms
  6 dart slugs
  4 leopard geckos
  31 orcs
  4 ball pythons
  16 bats
  2 bat zombies (D:2)
  10 giant cockroaches
  4 goblins
  10 hobgoblins
  11 jackals
  3 quokkas
  5 frilled lizards
  A jackal skeleton (D:6)
  9 kobolds
  2 leopard gecko zombies
  A quokka skeleton (D:8)
  12 rats
  A rat zombie (D:2)
320 creatures vanquished.

Vanquished Creatures (others)
  An orc wizard (D:4)
1 creature vanquished.

Grand Total: 321 creatures vanquished

Notes
Turn   | Place    | Note
-------+----------+-------------------------------------------
     0 | D:1      | Reached skill level 10 in Fighting
     0 | D:1      | Almogavar the Gnoll Wanderer began the quest for the Orb.
     0 | D:1      | Almogavar set off with the following items: a +0 falchion,
                  | a wand of flame (15), a potion of lignification, a +0 robe
     0 | D:1      | Reached XP level 1. HP: 28/28 MP: 1/1
    62 | D:1      | Reached XP level 2. HP: 31/36 MP: 2/2
   407 | D:1      | Reached XP level 3. HP: 42/42 MP: 3/3
   841 | D:1      | Reached skill level 1 in Invocations
  1247 | D:2      | Reached skill level 1 in Short Blades
  1247 | D:2      | Reached skill level 1 in Axes
  1247 | D:2      | Reached skill level 1 in Maces & Flails
  1247 | D:2      | Reached skill level 1 in Polearms
  1247 | D:2      | Reached skill level 1 in Staves
  1247 | D:2      | Reached skill level 1 in Slings
  1247 | D:2      | Reached skill level 1 in Bows
  1247 | D:2      | Reached skill level 1 in Crossbows
  1247 | D:2      | Reached skill level 1 in Throwing
  1247 | D:2      | Reached skill level 1 in Dodging
  1247 | D:2      | Reached skill level 1 in Stealth
  1247 | D:2      | Reached skill level 1 in Unarmed Combat
  1247 | D:2      | Reached skill level 1 in Spellcasting
  1280 | D:2      | Reached XP level 4. HP: 41/48 MP: 5/5
  1425 | D:2      | Found a bloodstained altar of Trog.
  1506 | D:2      | Reached skill level 1 in Conjurations
  1506 | D:2      | Reached skill level 1 in Hexes
  1506 | D:2      | Reached skill level 1 in Summonings
  1506 | D:2      | Reached skill level 1 in Necromancy
  1506 | D:2      | Reached skill level 1 in Translocations
  1506 | D:2      | Reached skill level 1 in Transmutations
  1506 | D:2      | Reached skill level 1 in Fire Magic
  1506 | D:2      | Reached skill level 1 in Ice Magic
  1506 | D:2      | Reached skill level 1 in Air Magic
  1506 | D:2      | Reached skill level 1 in Earth Magic
  1506 | D:2      | Reached skill level 1 in Poison Magic
  1608 | D:2      | Found a faded altar of an unknown god.
  1619 | D:2      | Noticed Natasha
  1638 | D:2      | Killed Natasha
  1639 | D:2      | Reached XP level 5. HP: 46/54 MP: 5/7
  1795 | D:2      | Noticed Natasha
  1807 | D:2      | Killed Natasha
  1850 | D:2      | Noticed Natasha
  1852 | D:2      | Killed Natasha
  1922 | D:2      | Found an ancient bone altar of Kikubaaqudgha.
  2057 | D:3      | Noticed a black bear
  2077 | D:3      | Killed a black bear
  2078 | D:3      | Reached XP level 6. HP: 47/61 MP: 8/8
  2260 | D:3      | Reached skill level 5 in Armour
  2840 | D:3      | Reached XP level 7. HP: 65/67 MP: 10/10
  2950 | D:3      | Found a runed translucent door.
  2951 | D:3      | Noticed Crazy Yiuf
  2962 | D:3      | Killed Crazy Yiuf
  3313 | D:4      | Found a blossoming altar of Fedhas.
  3977 | D:4      | Found a white marble altar of Elyvilon.
  4258 | D:5      | Entered Level 5 of the Dungeon
  4316 | D:4      | Reached XP level 8. HP: 57/73 MP: 12/12
  4916 | D:5      | Noticed Duvessa
  5012 | D:5      | Noticed Pikel
  5231 | D:5      | Noticed Prince Ribbit
  5235 | D:5      | Noticed Eustachio
  5425 | D:5      | Killed Prince Ribbit
  5615 | D:5      | Noticed Dowan
  5685 | D:4      | Killed Pikel
  5686 | D:4      | Reached skill level 11 in Fighting
  5686 | D:4      | Reached XP level 9. HP: 39/81 MP: 14/14
  5970 | D:5      | Killed Duvessa
  6463 | D:5      | Killed Dowan
  6522 | D:5      | Killed Eustachio
  7255 | D:5      | Noticed Grinder
  7272 | D:5      | Killed Grinder
  7273 | D:5      | Reached skill level 5 in Long Blades
  7273 | D:5      | Reached skill level 5 in Shields
  7273 | D:5      | Reached skill level 5 in Evocations
  7857 | D:5      | HP: 4/81 [gnoll/+0 club (7)]
  8452 | D:6      | Found a basalt altar of Yredelemnul.
  8475 | D:6      | Reached skill level 5 in Invocations
  8476 | D:6      | Found a snail-covered altar of Cheibriados.
  8893 | D:6      | Found a glowing golden altar of the Shining One.
  8913 | D:6      | Found a hazy altar of Hepliaklqana.
  8972 | D:6      | Reached XP level 10. HP: 88/88 MP: 17/17
  9065 | D:6      | Found a staircase to the Ecumenical Temple.
  9101 | Temple   | Entered the Ecumenical Temple
  9225 | Temple   | Became a worshipper of Warmaster Okawaru
  9409 | D:6      | Reached skill level 5 in Short Blades
  9409 | D:6      | Reached skill level 5 in Axes
  9409 | D:6      | Reached skill level 5 in Maces & Flails
  9409 | D:6      | Reached skill level 5 in Polearms
  9409 | D:6      | Reached skill level 5 in Staves
  9409 | D:6      | Reached skill level 5 in Slings
  9409 | D:6      | Reached skill level 5 in Bows
  9409 | D:6      | Reached skill level 5 in Crossbows
  9409 | D:6      | Reached skill level 5 in Throwing
  9409 | D:6      | Reached skill level 5 in Dodging
  9409 | D:6      | Reached skill level 5 in Stealth
  9409 | D:6      | Reached skill level 5 in Unarmed Combat
  9409 | D:6      | Reached skill level 5 in Spellcasting
 10752 | D:8      | Found a stormy altar of Qazlal.
 10771 | D:8      | Noticed a death yak
 10773 | D:8      | Found a huge runed translucent gate.
 10773 | D:8      | Found a huge runed translucent gate.
 10774 | D:8      | Noticed a death yak
 10779 | D:8      | Found a huge runed translucent gate.
 10781 | D:8      | Noticed a manticore
 10784 | D:8      | Noticed a death yak
 10831 | D:8      | Found a huge runed translucent gate.
 10867 | D:8      | Reached * piety under Okawaru
 11358 | D:8      | Noticed a centaur warrior
 11375 | D:8      | Killed a centaur warrior
 11393 | D:8      | Reached ** piety under Okawaru
 11405 | D:7      | HP: 4/88 [poisoned by a meliai]
 11411 | D:7      | HP: 3/88 [poisoned by a meliai]
 11417 | D:7      | HP: 2/88 [poisoned by a meliai]
 11425 | D:7      | HP: 2/88 [poisoned by a meliai]
 12369 | D:8      | Found a radiant altar of Vehumet.
 12496 | D:9      | Found a hide-covered altar of Uskayaw.
 12507 | D:9      | Noticed a two-headed ogre
 12520 | D:9      | Killed a two-headed ogre
 12521 | D:9      | Reached XP level 11. HP: 62/95 MP: 19/19
 13241 | D:9      | Found a glowing golden altar of the Shining One.
 13313 | D:10     | Entered Level 10 of the Dungeon
 13319 | D:10     | Reached skill level 5 in Conjurations
 13319 | D:10     | Reached skill level 5 in Hexes
 13319 | D:10     | Reached skill level 5 in Summonings
 13319 | D:10     | Reached skill level 5 in Necromancy
 13319 | D:10     | Reached skill level 5 in Translocations
 13319 | D:10     | Reached skill level 5 in Transmutations
 13319 | D:10     | Reached skill level 5 in Fire Magic
 13319 | D:10     | Reached skill level 5 in Ice Magic
 13319 | D:10     | Reached skill level 5 in Air Magic
 13319 | D:10     | Reached skill level 5 in Earth Magic
 13319 | D:10     | Reached skill level 5 in Poison Magic
 13758 | D:10     | Reached *** piety under Okawaru
 13767 | D:10     | Received a gift from Okawaru
 13818 | D:10     | Noticed a two-headed ogre
 13861 | D:9      | Killed a two-headed ogre
 14534 | D:10     | Found a shimmering blue altar of Sif Muna.
 14554 | D:10     | Found a runed translucent door.
 14557 | D:10     | Noticed a flayed ghost
 14577 | D:10     | Found a shadowy altar of Dithmenos.
 14604 | D:10     | Found an ancient bone altar of Kikubaaqudgha.
 14612 | D:10     | Found a hide-covered altar of Uskayaw.
 14668 | D:10     | Reached skill level 12 in Fighting
 14795 | D:10     | Found a white marble altar of Elyvilon.
 14809 | D:10     | Found an opulent altar of Gozag.
 14829 | D:10     | Paralysed by a hornet for 1 turns
 15673 | D:11     | Reached **** piety under Okawaru
 15913 | D:11     | Received a gift from Okawaru
 16380 | D:11     | Found a staircase to the Lair.
 16927 | D:11     | Reached XP level 12. HP: 102/102 MP: 22/22
 17449 | Lair:1   | Entered Level 1 of the Lair of Beasts
 17558 | Lair:1   | Found a dark tunnel.
 17569 | Volcano  | Entered a volcano
 17958 | Volcano  | Noticed a two-headed ogre
 17982 | Volcano  | Killed a two-headed ogre
 17996 | Volcano  | Got a pair of faintly humming gloves
 18002 | Volcano  | Identified the +1 pair of gloves of Disguise {Str+6 Stlth+}
                  | (You found it in a volcano)
 18415 | Volcano  | Noticed a hell hog
 18439 | Volcano  | Killed from afar by a hell hog

Illustrated notes

Levels and vault maps discovered:
D:1:      kennysheep_arrival_forest, layout_loops_ring, minmay_bisected
D:2:      layout_rooms, lemuel_zombie_altar_kikubaaqudgha, lemuel_crystal_altar,
          chequers_ecumenical_altar_twisty, uniq_natasha
D:3:      layout_rooms, minmay_misc_feat_plants, uniq_crazy_yiuf_cottage
D:4:      layout_rooms, nicolae_overflow_crystal_walls, old_standard_altar,
          saegor_snake_ambush
D:5:      layout_layer_cave, lemuel_flame_loot_1, uniq_eustachio,
          uniq_prince_ribbit1, uniq_grinder, uniq_pikel, uniq_duvessa
D:6:      layout_rooms, nzn_hepliaklqana_mist_gate, tso_oasis_becter,
          grunt_temple_overflow_open, minmay_temple_entry_junction,
          grunt_ministairs_5
D:7:      layout_rooms, chequers_serial_rivers_micro_d
D:8:      lemuel_bear_cage, layout_gridville, marbit_many_paths,
          lemuel_doored_altar, minmay_pinched_square
D:9:      layout_rooms, kennysheep_mini_moat, nicolae_tso_swordbearing_angel
D:10:     due_megacathedral, layout_basic
D:11:     cheibrodos_steamvent, layout_loops_ring, minmay_puff
Temple:   pf_slime_end_temple
Lair:1:   layout_cave_pods, nicolae_volcano_entry_lava_flow,
          portal_ice_cave_entry_pillars_1, nicolae_lair_grove_arrangements,
          grunt_megastairs_1
Volcano:  volcano_village

Skill      XL: |  1  2  3  4  5  6  7  8  9 10 11 12 |
---------------+-------------------------------------+-----
Fighting       | 11 12 | 12.2
Invocations    | 1 2 3 4 5 6 7 |  7.7
Short Blades   | 1 2 3 4 5 6 7 |  7.0
Axes           | 1 2 3 4 5 6 7 |  7.0
Maces & Flails | 1 2 3 4 5 6 7 |  7.0
Polearms       | 1 2 3 4 5 6 7 |  7.0
Staves         | 1 2 3 4 5 6 7 |  7.0
Slings         | 1 2 3 4 5 6 7 |  7.0
Bows           | 1 2 3 4 5 6 7 |  7.0
Crossbows      | 1 2 3 4 5 6 7 |  7.0
Throwing       | 1 2 3 4 5 6 7 |  7.0
Dodging        | 1 2 3 4 5 6 7 |  7.0
Stealth        | 1 2 3 4 5 6 7 |  7.0
Unarmed Combat | 1 2 3 4 5 6 7 |  7.0
Spellcasting   | 1 2 3 4 5 6 7 |  7.0
Conjurations   | 1 2 3 4 5 |  5.8
Hexes          | 1 2 3 4 5 |  5.8
Summonings     | 1 2 3 4 5 |  5.8
Necromancy     | 1 2 3 4 5 |  5.8
Translocations | 1 2 3 4 5 |  5.8
Transmutations | 1 2 3 4 5 |  5.8
Fire Magic     | 1 2 3 4 5 |  5.8
Ice Magic      | 1 2 3 4 5 |  5.8
Air Magic      | 1 2 3 4 5 |  5.8
Earth Magic    | 1 2 3 4 5 |  5.8
Poison Magic   | 1 2 3 4 5 |  5.8
Long Blades    | 3 4 5 6 7 |  7.5
Shields        | 3 4 5 6 7 |  7.5
Evocations     | 3 4 5 6 7 |  7.5
Armour         | 5 6 7 8 |  8.4

Action                   |  1- 3 |  4- 6 |  7- 9 | 10-12 || total
-------------------------+-------+-------+-------+-------++-------
Melee: Falchion          |   114 |   119 |   356 |   647 ||  1236
       Bite              |    14 |    14 |    49 |    95 ||   172
 Fire: Hunting sling     |       |   108 |   149 |   246 ||   503
Throw: Dart              |       |       |    30 |    50 ||    80
Invok: Heroism           |       |       |       |     9 ||     9
Evoke: Wand              |     1 |     2 |       |       ||     3
  Use: Scroll            |       |       |    11 |     6 ||    17
       Potion            |       |       |    14 |     4 ||    18
 Stab: Sleeping          |       |       |     1 |       ||     1
Armor: Robe              |     4 |       |       |       ||     4
       Scale mail        |    14 |       |       |       ||    14
       Ring mail         |    23 |    49 |   103 |    21 ||   196
       Chain mail        |       |       |       |   219 ||   219
Dodge: Dodged            |    41 |    67 |   147 |   277 ||   532
Block: Kite shield       |    42 |    65 |   198 |   409 ||   714
       Rpst.: Falchion   |    17 |    18 |    40 |    58 ||   133
